AoeStats
← JAlcaraz

Arabian Desert

509799117Analyzed
1v1 RM · 3d ago on Sep 28, 2026· 40m 49s· 2 players
Game mode
Random Map
Map size
Tiny (2 player)
Population
200
Speed
Normal
Resources
Standard
Victory
Conquest
Starting age
Dark Age
Ending age
Imperial Age
RankedLock teamsTeams togetherTeam positionsShared explorationLock speedFull tech treeHidden civsTurbo modeCheats
Victory
Defeat
🇺🇸 Ethiopians · United States
965
+13
🇲🇽 Koreans · Mexico
909
-37
HoosierHysteria
6:44 Loom
9:46 Feudal Age
14:34 Fletching
14:45 Padded Archer Armor
21:44 Castle Age
20:56 Double-Bit Axe
22:23 Horse Collar
22:46 Bodkin Arrow
23:07 Leather Archer Armor
23:08 Gold Mining
23:24 Crossbowman
24:32 Scale Mail Armor
30:02 Ballistics
JAlcaraz
2:18 Loom
13:01 Feudal Age
17:34 Castle Age
19:51 Double-Bit Axe
24:29 Wheelbarrow
26:00 Elite Skirmisher
26:05 Crossbowman
31:14 Fletching
32:59 Scale Barding Armor
33:43 Forging
34:09 Chain Barding Armor
35:16 Iron Casting
34:33 Town Watch
35:02 Elite Skirmisher
Connection lost

Rejoining the realm…

Still unreachable

The connection could not be restored.

Session expired

The server has moved on; the page needs a fresh start.